 Dungeon Crawl Stone Soup version 0.26.1-10-gdfb7c7de75 (webtiles) character file.

Game seed: 16638328959926935545

909 nightchill the Ruffian (level 7, -8/57 HPs)
             Began as a Demonspawn Fighter on Apr 6, 2021.
             Was a Believer of Uskayaw.
             Mangled by an orc warrior
             ... wielding a +0 mace
              (11 damage)
             ... on level 6 of the Dungeon.
             The game lasted 00:07:00 (5842 turns).

nightchill the Ruffian (Demonspawn Fighter)         Turns: 5842, Time: 00:07:01

Health: -8/57      AC:  9    Str: 26    XL:     7   Next: 81%
Magic:  0/8        EV:  7    Int: 10    God:    Uskayaw [**....]
Gold:   260        SH:  9    Dex: 12    Spells: 6/6 levels left

rFire    . . .     SeeInvis .     - Unarmed
rCold    . . .     Faith    .   b - +0 kite shield
rNeg     . . .     Spirit   .   w - +0 scale mail of Indomitability {Str+8} (curse)
rPois    .         Reflect  .   (no helmet)
rElec    .         Harm     .   u - +2 cloak
rCorr    .         Rampage  .   (no gloves)
Will     .....                  (no boots)
Stlth    ..........             (no amulet)
HPRegen  0.19/turn              (no ring)
MPRegen  0.11/turn              (no ring)

@: no status effects
A: hooves 2, spiny 1
a: Renounce Religion, Stomp, Line Pass


You were on level 6 of the Dungeon.
You worshipped Uskayaw.
Uskayaw was noncommittal.
You visited 2 branches of the dungeon, and saw 7 of its levels.

You collected 260 gold pieces.

Inventory:

Missiles
 l - 4 boomerangs of dispersal (quivered)
 v - 2 curare-tipped darts
Armour
 a - a +0 scale mail
 b - a +0 kite shield (worn)
 h - a +0 chain mail
 u - a +2 cloak (worn)
 w - the cursed +0 scale mail of Indomitability (worn) {Str+8}
   (You found it on level 5 of the Dungeon)

   It affects your strength (+8).
   It has a curse placed upon it.
 y - a cursed +0 scale mail
Jewellery
 j - an uncursed ring of flight {unknown}
Wands
 t - a wand of flame (23)
Scrolls
 d - 9 scrolls of identify
 e - 2 scrolls of enchant armour {unknown}
 f - 2 scrolls of magic mapping {unknown}
 k - 4 scrolls of teleportation {unknown}
 o - 3 scrolls of remove curse {unknown}
 q - a scroll of blinking {unknown}
 s - 3 scrolls of immolation {unknown}
 x - a scroll of amnesia {unknown}
Potions
 c - a potion of might
 g - a potion of haste {unknown}
 i - 2 potions of curing {unknown}
 m - a potion of flight {unknown}
 n - a potion of magic {unknown}
 p - a potion of brilliance {unknown}
 r - a potion of berserk rage


   Skills:
 + Level 5.7 Fighting
 - Level 2.6 Armour
 - Level 2.6 Shields
 * Level 6.7 Unarmed Combat
 + Level 2.5 Invocations


You had 6 spell levels left.
You didn't know any spells.
Your spell library contained the following spells:

 Spells                   Type           Power        Failure   Level
 Magic Dart               Conj           0%           99%         1
 Blink                    Tloc           N/A          100%        2
 Call Imp                 Summ           0%           100%        2
 Slow                     Hex            0%           100%        2
 Conjure Flame            Conj/Fire      0%           100%        3
 Mephitic Cloud           Conj/Pois/Air  0%           100%        3


Dungeon Overview and Level Annotations

Branches:
Dungeon (6/15)             Temple (1/1) D:4

Altars:
Ashenzari
Cheibriados
Dithmenos
Elyvilon
Fedhas
Gozag
Hepliaklqana
Makhleb
Nemelex Xobeh
Ru
Sif Muna
Trog
Uskayaw
Vehumet
Zin

Annotations:
D:4 3 runed translucent doors, dohliylev's ghost, novice HOBe


Innate Abilities, Weirdness & Mutations

You have hoof-like feet.
You are partially covered in sharp spines.


Message History

Your kick misses the orc warrior.
The orc warrior is lightly wounded.
Aiming: Line Pass
Press: ? - help, Dir - move target The orc warrior appears confused.
The orc warrior is no longer sharing its pain.
The orc warrior barely misses you.
You hit the orc warrior but do no damage.
You kick the orc warrior, but do no damage.
The orc warrior is lightly wounded.
The orc warrior seems less confused.
You block the orc warrior's attack.
The orc warrior hits you with a +0 mace!
* * * LOW HITPOINT WARNING * * *
Aiming: Line Pass
Press: ? - help, Dir - move target The orc warrior appears confused.
You punch the orc warrior!
The orc warrior is moderately wounded.
The orc warrior hits you with a +0 mace!
You die...

#. ....# ##.
....# .. ....# #
#. ....# .
#.###....###
####.#...........
#.[..#...........
#....@.........
#....o).)......
#.....)........
#......#####.##
#......# #
#....))# #
#....[)# .#
#......#####.#
#............#


You could see an orc warrior (confused).

Vanquished Creatures
  A water moccasin (D:5)
  A centaur (D:5)
  An ogre (D:4)
  A howler monkey (D:4)
  A jelly (D:6)
  2 orc priests
  A bullfrog skeleton (D:4)
  4 orc wizards
  Jessica (D:3)
  Natasha (D:2)
  A hound skeleton (D:6)
  8 gnolls (D:4)
  5 adders
  2 worms
  2 dart slugs
  3 leopard geckos
  29 orcs
  A ball python (D:3)
  6 bats
  5 giant cockroaches
  16 goblins
  17 hobgoblins
  10 jackals
  10 kobolds
  3 quokkas
  3 frilled lizards
  A quokka skeleton (D:5)
  6 rats
142 creatures vanquished.

Vanquished Creatures (others)
  31 plants (D:2)
31 creatures vanquished.

Grand Total: 173 creatures vanquished

Notes
Turn   | Place    | Note
-------+----------+-------------------------------------------
     0 | D:1      | nightchill the Demonspawn Fighter began the quest for the
                  | Orb.
     0 | D:1      | Reached XP level 1. HP: 18/18 MP: 1/1
    39 | D:1      | Reached skill level 2 in Unarmed Combat
   236 | D:1      | Gained mutation: You are partially covered in sharp spines.
                  | [demonic ancestry]
   236 | D:1      | Reached XP level 2. HP: 24/24 MP: 2/2
   737 | D:1      | Reached XP level 3. HP: 23/29 MP: 3/3
  1275 | D:2      | Reached skill level 3 in Unarmed Combat
  1668 | D:2      | Found a radiant altar of Vehumet.
  1670 | D:2      | Found a sacrificial altar of Ru.
  1744 | D:2      | Found a glowing silver altar of Zin.
  1757 | D:2      | Reached XP level 4. HP: 31/37 MP: 4/4
  1841 | D:2      | Found a white marble altar of Elyvilon.
  1843 | D:2      | Noticed Natasha
  1851 | D:2      | Killed Natasha
  2490 | D:3      | Noticed Jessica
  2508 | D:3      | Killed Jessica
  2509 | D:3      | Reached skill level 4 in Unarmed Combat
  2509 | D:3      | Reached XP level 5. HP: 31/42 MP: 5/5
  3133 | D:4      | Gained mutation: You have large cloven feet. [demonic
                  | ancestry]
  3133 | D:4      | Reached XP level 6. HP: 28/49 MP: 6/6
  3143 | D:4      | Reached skill level 5 in Unarmed Combat
  3672 | D:4      | Found a runed translucent gate.
  3672 | D:4      | Found a runed translucent gate.
  3672 | D:4      | Found a runed translucent gate.
  3673 | D:4      | Found an opulent altar of Gozag.
  3674 | D:4      | Noticed dohliylev's ghost (novice HOBe)
  4045 | D:4      | Reached skill level 5 in Fighting
  4262 | D:4      | Gained mutation: You have hoof-like feet. [demonic
                  | ancestry]
  4262 | D:4      | Reached XP level 7. HP: 23/56 MP: 7/7
  4738 | D:4      | Reached skill level 6 in Unarmed Combat
  4882 | D:4      | Found a staircase to the Ecumenical Temple.
  5068 | Temple   | Entered the Ecumenical Temple
  5111 | Temple   | Became a worshipper of Uskayaw the Reveller
  5355 | D:5      | Entered Level 5 of the Dungeon
  5424 | D:5      | Reached * piety under Uskayaw
  5427 | D:5      | Reached ** piety under Uskayaw
  5429 | D:5      | Reached skill level 1 in Invocations
  5738 | D:5      | Got a ruby-encrusted scale mail
  5739 | D:5      | Identified the cursed +0 scale mail of Indomitability
                  | {Str+8} (You found it on level 5 of the Dungeon)
  5821 | D:6      | Reached *** piety under Uskayaw
  5834 | D:6      | Reached **** piety under Uskayaw
  5842 | D:6      | Mangled by an orc warrior

Illustrated notes

Levels and vault maps discovered:
D:1:      shiori_arrival_oz, layout_loops_ring
D:2:      layout_basic, overflow_temple_1_default,
          nicolae_overflow_hidden_temple, serial_bayou, serial_bayou_pond_e,
          serial_bayou_shore_b, serial_bayou_lagoon_a, serial_bayou_pond_d,
          uniq_natasha
D:3:      layout_basic, kennysheep_generic_room_3, uniq_jessica
D:4:      corexii_shantytown, layout_loops_corners, temple_green,
          ebering_ghost_gozag
D:5:      layout_basic
D:6:      layout_basic, kennysheep_okawaru_gauntlet
Temple:   regret_index_temple_waves

Skill      XL: |  1  2  3  4  5  6  7 |
---------------+----------------------+-----
Unarmed Combat | 2 3 4 5 6 |  6.7
Fighting       | 4 5 |  5.7
Invocations    | 2 |  2.5
Armour         | |  2.6
Shields        | |  2.6

Action                   |  1- 3 |  4- 6 |  7- 9 || total
-------------------------+-------+-------+-------++-------
Melee: Unarmed           |   182 |   175 |    80 ||   437
       Kick              |       |    18 |    26 ||    44
Invok: Line Pass         |       |       |     2 ||     2
  Use: Scroll            |       |       |     1 ||     1
 Stab: Paralysed         |       |       |     1 ||     1
Armor: Scale mail        |    38 |       |     2 ||    40
       Chain mail        |    24 |    60 |    19 ||   103
Dodge: Dodged            |    31 |    19 |     7 ||    57
Block: Kite shield       |    54 |    65 |    32 ||   151
